AoeStats
← Athedge

Arabia

510625715Analyzed
1v1 RM · 1d ago on Oct 1, 2026· 43m 52s· 2 players
Game mode
Random Map
Map size
Tiny (2 player)
Population
200
Speed
Normal
Resources
Standard
Victory
Conquest
Starting age
Dark Age
Ending age
Imperial Age
RankedLock teamsTeams togetherTeam positionsShared explorationLock speedFull tech treeHidden civsTurbo modeCheats
Victory
Defeat
🇫🇷 Huns · France
837
+17
🇪🇸 Lithuanians · Spain
851
-17
Athedge
11:54 Loom
14:55 Feudal Age
15:48 Man-at-Arms
19:53 Horse Collar
20:08 Double-Bit Axe
21:47 Scale Mail Armor
24:08 Wheelbarrow
23:53 Forging
28:04 Castle Age
28:37 Pikeman
29:18 Squires
29:42 Heavy Plow
30:04 Bow Saw
30:15 Chain Mail Armor
30:36 Iron Casting
30:34 Town Watch
32:17 Fervor
34:03 Fletching
34:58 Masonry
36:19 Stone Mining
36:19 Gold Mining
40:25 Imperial Age
38:10 Hand Cart
37:56 Town Patrol
38:25 Bodkin Arrow
38:36 Scale Barding Armor
38:57 Husbandry
39:27 Ballistics
39:57 Murder Holes
40:32 Halberdier
42:37 Chemistry
43:48 Bracer
GAMOX | anngamo
3:03 Loom
9:22 Feudal Age
10:45 Double-Bit Axe
10:44 Horse Collar
21:09 Castle Age
20:19 Scale Barding Armor
20:24 Forging
21:17 Bloodlines
21:02 Gold Mining
22:02 Husbandry
22:25 Chain Barding Armor
22:48 Wheelbarrow
25:00 Iron Casting
27:17 Scale Mail Armor
27:58 Fletching
28:09 Padded Archer Armor
27:34 Elite Skirmisher
29:21 Thumb Ring
35:35 Leather Archer Armor
Connection lost

Rejoining the realm…

Still unreachable

The connection could not be restored.

Session expired

The server has moved on; the page needs a fresh start.